 Dungeon Crawl Stone Soup version 0.25-a0-505-gae4569222e (webtiles) character file.

Game seed: 9642251638112776109, levelgen mode: deterministic

31 kae the Insei (level 3, 0/28 HPs)
             Began as a Demonspawn Gladiator on Feb 14, 2020.
             Slain by Natasha (6 damage)
             ... on level 2 of the Dungeon.
             The game lasted 00:01:39 (691 turns).

kae the Insei (Demonspawn Gladiator)                 Turns: 691, Time: 00:01:39

Health: 0/28       AC:  4    Str: 14    XL:     3   Next: 7%
Magic:  0/3        EV: 13    Int:  9    God:
Gold:   0          SH:  0    Dex: 15    Spells: 2/2 levels left

rFire    . . .     SeeInvis .     - Unarmed
rCold    . . .     Gourm    .   (no shield)
rNeg     . . .     Faith    .   a - +0 leather armour
rPois    .         Spirit   +   b - +0 helmet
rElec    .         Reflect  .   (no cloak)
rCorr    .         Harm     .   (no gloves)
MR       .....                  (no boots)
Stlth    +.........             (no amulet)
HPRegen  0.09/turn              (no ring)
MPRegen  0.08/turn              (no ring)

@: slowed, very slow
A: magic shield, sturdy frame 1
a: no special abilities


You were on level 2 of the Dungeon.
You were not hungry.

You visited 1 branch of the dungeon, and saw 2 of its levels.

Inventory:

Missiles
 c - 3 throwing nets (quivered)
Armour
 a - a +0 leather armour (worn)
 b - a +0 helmet (worn)
Scrolls
 e - 2 scrolls of identify {unknown}
 g - a scroll of teleportation {unknown}
Potions
 h - a potion of haste {unknown}
Comestibles
 d - 2 rations
 f - a chunk of flesh


   Skills:
 + Level 2.4 Fighting
 - Level 1.7 Throwing
 - Level 3.0 Dodging
 * Level 3.3 Unarmed Combat


You had 2 spell levels left.
You didn't know any spells.
Your spell library was empty.

Dungeon Overview and Level Annotations

Branches:
Dungeon (2/15)

Altars:

Annotations:
D:2 Natasha


Innate Abilities, Weirdness & Mutations

When hurt, damage is shared between your health and your magic reserves.
Your movements are slightly less encumbered by armour. (ER -2)


Message History

* * * LOW HITPOINT WARNING * * *
You hit Natasha.
Natasha is heavily wounded.
The frilled lizard completely misses you.
Natasha claws you but does no damage. The frilled lizard closely misses you.
You hit Natasha.
Natasha is severely wounded.
Natasha misses you. The frilled lizard closely misses you.
Natasha casts a spell.
You closely miss Natasha.
Natasha is severely wounded.
The frilled lizard bites you but does no damage.
Natasha growls.
Natasha casts a spell at you.
You feel as though you will be slow longer.
The crimson imp barely misses you. The frilled lizard misses you.
You closely miss Natasha.
Natasha is severely wounded.
Natasha claws you!
You die...

#......[.....# .#
##...(..>.....# .##
....#........######..# #
......<.......#......#..
...#....................
........................
........................
........................
....#.<........?@.......
....##......#..5hl......
.... ...#####...........
..# ###.# ##..........
.. ... ........... ...
..(..#####.# ....
....... .# ...###..


You could see Natasha, a crimson imp and a frilled lizard.

Vanquished Creatures
  A dart slug (D:1)
  A leopard gecko (D:1)
  7 bats
  2 giant cockroaches
  3 hobgoblins (D:1)
  3 ball pythons (D:1)
  3 frilled lizards (D:1)
  A goblin (D:1)
  4 kobolds (D:1)
  5 rats (D:1)
30 creatures vanquished.

Vanquished Creatures (others)
  5 toadstools (D:1)
5 creatures vanquished.

Grand Total: 35 creatures vanquished

Notes
Turn   | Place    | Note
-------+----------+-------------------------------------------
     0 | D:1      | kae the Demonspawn Gladiator began the quest for the Orb.
     0 | D:1      | Reached XP level 1. HP: 16/16 MP: 1/1
    58 | D:1      | Gained mutation: When hurt, damage is shared between your
                  | health and your magic reserves. [demonic ancestry]
    58 | D:1      | Reached XP level 2. HP: 16/22 MP: 2/2
   478 | D:1      | Gained mutation: Your movements are slightly less
                  | encumbered by armour. (ER -2) [demonic ancestry]
   478 | D:1      | Reached XP level 3. HP: 26/28 MP: 1/3
   670 | D:2      | Noticed Natasha
   691 | D:2      | Slain by Natasha

Levels and vault maps discovered:
D:1:      ldierk_walled_garden, layout_rooms, minivault_4
D:2:      layout_rooms, old_standard_altar, nicolae_overflow_crystal_walls,
          gammafunk_temple_overflow_arena, uniq_natasha

Skill      XL: |  1  2 |
---------------+-------+-----
Unarmed Combat | 3 |  3.3
Dodging        | 3 |  3.0
Fighting       | |  2.4
Throwing       | |  1.7

Action                   || total
-------------------------++-------
Melee: Unarmed           ||   115
       Punch             ||     1
 Stab: Sleeping          ||     1
Armor: Leather armour    ||    54
Dodge: Dodged            ||   110

Table legend:
 A = Non-vault XP
 B = Vault XP
 C = Vault XP percentage of total XP
 D = Non-vault monster count
 E = Vault monster count
 F = Vault count percentage of total count
                 A         B        C        D         E       F
            +---------+---------+-------+---------+---------+-------
      Total |      45 |       0 |   0.0 |      30 |       0 |   0.0
            +---------+---------+-------+---------+---------+-------
        D:1 |      42 |       0 |   0.0 |      28 |       0 |   0.0
        D:2 |       3 |       0 |   0.0 |       2 |       0 |   0.0
            +---------+---------+-------+---------+---------+-------
